 Dungeon Crawl Stone Soup version 0.24.0-123-gd5b16e6ec5 (webtiles) character file.

Game seed: 3089540866539620401, levelgen mode: deterministic

6677 Bergy the Basher (level 11, -5/60 HPs)
             Began as a Gargoyle Fighter on Dec 23, 2019.
             Was a Believer of Makhleb.
             Killed from afar by a rakshasa (illusionary) (34 damage)
             ... with an orb of energy
             ... on level 10 of the Dungeon.
             The game lasted 00:36:25 (9817 turns).

Bergy the Basher (Gargoyle Fighter)                 Turns: 9817, Time: 00:36:26

Health: -5/60      AC: 25    Str: 25    XL:     11   Next: 3%
Magic:  11/11      EV:  8    Int:  9    God:    Makhleb [**....]
Gold:   597        SH: 10    Dex:  5    Spells: 10/10 levels left

rFire    . . .     SeeInvis .   y - +2 flail (venom)
rCold    . . .     Gourm    .   c - +0 shield
rNeg     + . .     Faith    .   D - +1 scale mail "Fusopha" {Str+2 Dex-4 Slay+3}
rPois    ∞         Spirit   .   d - +2 helmet
rElec    +         Reflect  .   (no cloak)
rCorr    .         Harm     .   (no gloves)
MR       .....                  (no boots)
Stlth    ..........             (no amulet)
HPRegen  0.20/turn              w - +2 ring of slaying
MPRegen  0.12/turn              h - +6 ring of protection

@: no status effects
A: negative energy resistance 1, electricity resistance, unbreathing,
petrification resistance, rot immunity, AC +8
a: Minor Destruction, Renounce Religion


You were on level 10 of the Dungeon.
You worshipped Makhleb.
Makhleb was pleased with you.
You were very hungry.

You visited 2 branches of the dungeon, and saw 11 of its levels.
You also visited: Sewer and Ossuary.

You collected 693 gold pieces.
You spent 96 gold pieces at shops.

Inventory:

Hand Weapons
 y - a +2 flail of venom (weapon)
 F - a +2 mace of crushing
 H - the +1 mace "Jufet" {freeze, rPois rF- rC+ Int+3}
   (You found it on level 9 of the Dungeon)

   It has been specially enchanted to freeze those struck by it, causing extra
   injury to most foes and up to half again as much damage against particularly
   susceptible opponents.
   It can also slow down cold-blooded creatures.
   It affects your intelligence (+3).
   It makes you vulnerable to fire.
   It protects you from cold.
   It protects you from poison.
Armour
 c - a +0 shield (worn)
 d - a +2 helmet (worn)
 p - a +0 large shield
 D - the +1 scale mail "Fusopha" (worn) {Str+2 Dex-4 Slay+3}
   (You found it on level 6 of the Dungeon)

   It affects your strength (+2).
   It affects your dexterity (-4).
   It affects your accuracy and damage with ranged weapons and melee attacks
   (+3).
Jewellery
 h - a +6 ring of protection (right hand)
 w - a +2 ring of slaying (left hand)
 A - an uncursed ring of positive energy
 J - the ring of Kaseas {rN++ Str+3, unknown}
   (You found it on level 9 of the Dungeon)

   [ring of strength]

   It affects your strength (+3).
   It greatly protects you from negative energy.
Wands
 a - a wand of iceblast (7)
 l - a wand of disintegration (8)
 s - a wand of paralysis (8)
 G - a wand of polymorph (10)
Scrolls
 b - 8 scrolls of remove curse
 e - 2 scrolls of blinking
 o - 7 scrolls of identify
 q - a scroll of noise {unknown}
 r - 5 scrolls of fog
 u - 2 scrolls of immolation {unknown}
 v - a scroll of enchant weapon {unknown}
 z - 4 scrolls of teleportation
 C - 2 scrolls of enchant armour {unknown}
 I - a scroll of fear {unknown}
Potions
 g - a potion of degeneration {unknown}
 i - 3 potions of mutation
 j - 4 potions of curing
 k - 5 potions of haste
 m - 2 potions of brilliance {unknown}
 n - a potion of invisibility {unknown}
 t - 3 potions of agility
 x - 2 potions of cancellation {unknown}
 B - 2 potions of berserk rage {unknown}
 E - a potion of resistance {unknown}
Comestibles
 f - 14 rations


   Skills:
 - Level 3.2 Fighting
 - Level 14.2 Maces & Flails
 + Level 6.0 Armour
 + Level 7.0 Shields


You had 10 spell levels left.
You didn't know any spells.
Your spell library contained the following spells:

 Spells                   Type           Power        Failure   Level  Hunger
 Apportation              Tloc           #.....       94%         1    ##.....
 Summon Butterflies       Summ           #.......     94%         1    ##.....
 Lesser Beckoning         Tloc           #.........   100%        3    ####...
 Tukima's Dance           Hex            #.......     100%        3    ####...
 Alistair's Intoxication  Tmut/Pois      #.......     100%        5    ######.
 Invisibility             Hex            #.......     100%        6    #######


Dungeon Overview and Level Annotations

Branches:
Dungeon (10/15)            Temple (1/1) D:7            Lair (0/6) D:8
  Sewer (visited)         Ossuary (visited)
    Orc: D:9-12

Altars:
Ashenzari
Cheibriados
Dithmenos
Elyvilon
Fedhas
Gozag
Hepliaklqana
Kikubaaqudgha
Makhleb
Nemelex Xobeh
Okawaru
Qazlal
Ru
Sif Muna
Trog
Uskayaw
Vehumet
Wu Jian
Xom
Yredelemnul
Zin
The Shining One

Shops:
D:7 ?


Innate Abilities, Weirdness & Mutations

You are resistant to torment.
Your stone body is resilient. (AC +8)
You are immune to poison.
You resist negative energy. (rN+)
You are resistant to electric shocks. (rElec)
You can survive without breathing.
You are immune to petrification.
You are immune to rotting.


Message History

The orb of energy hits you!
The orb of energy explodes!
You miss the rakshasa.
The rakshasa is almost dead.
The rakshasa completely misses you.
Your shield and scale mail "Fusopha" prevent you from hitting the rakshasa.
The rakshasa is almost dead.
The rakshasa closely misses you. You block the rakshasa's attack.
You feel better. The rakshasa gestures at you. You block the orb of energy.
The orb of energy explodes!
The rakshasa hits you from afar with a +0 trident.
You barely miss the rakshasa.
The rakshasa is almost dead.
The rakshasa blinks!
The centaur shoots an arrow.
You block the arrow.
You see here an arrow.
The rakshasa gestures at you. The orb of energy hits you!!
Ouch! That really hurt!
You die...

#.#.#.#######.#...#.#
....#.....##...###..#
.########......# #..# .#
####.#.###..#########
.####### #((.CcR..........#
.......# #(###R#..#######.#
.#####.# #.# #.#..# #.#
.#####.#####(# #(#..# #.#
(.C....R..(R(# #@#..# ## #.#
(#####.#####c# #.#..###.# #.#
.# ..... ...........<..##.#
........###..######.#.....#.#
.....#.## #... .........#
######.# ##.. .#.......# #.#
#### .........# #.#
####.##.## #. #.#


You could see 2 rakshasas, a cyclops and a centaur.

Vanquished Creatures
  A two-headed ogre (D:9)
  An elephant (D:8)
  Maurice (D:8)
  A troll (D:9)
  A yak (D:8)
  A basilisk (D:8)
  A hungry ghost (D:7)
  2 ice beasts
  An orc warrior (D:7)
  5 sky beasts
  2 necrophages
  2 ogres
  4 phantoms
  6 centaurs
  A crocodile (D:8)
  A big kobold (D:6)
  2 elf zombies (Ossuary)
  7 bullfrogs
  A water moccasin zombie (D:9)
  3 scorpions
  14 wights
  2 crimson imps
  A quasit (D:7)
  2 human zombies (Ossuary)
  A gnoll shaman (D:5)
  A bullfrog skeleton (D:6)
  7 orc priests
  2 hounds
  2 centaur skeletons
  8 orc wizards
  4 iguanas
  5 worker ants
  A big kobold zombie (Ossuary)
  A hound zombie (Ossuary)
  4 mummies (Ossuary)
  A worker ant zombie (D:6)
  Robin (D:4)
  8 gnolls
  9 adders
  A river rat (D:6)
  A shadow imp (D:10)
  An ooze (Sewer)
  An adder zombie (Ossuary)
  2 adder skeletons
  5 leopard geckos
  29 orcs
  5 giant cockroaches
  A gnoll zombie (Ossuary)
  16 goblins
  10 hobgoblins
  10 jackals
  7 kobolds
  4 quokkas
  A ball python (Sewer)
  19 bats
  7 frilled lizards
  A goblin zombie (Ossuary)
  A hobgoblin zombie (Ossuary)
  A jackal zombie (Ossuary)
  8 rats
  A rat zombie (Ossuary)
250 creatures vanquished.

Notes
Turn   | Place    | Note
-------+----------+-------------------------------------------
     0 | D:1      | Bergy the Gargoyle Fighter began the quest for the Orb.
     0 | D:1      | Reached XP level 1. HP: 14/14 MP: 1/1
    35 | D:1      | Reached XP level 2. HP: 18/19 MP: 2/2
   227 | D:1      | Reached skill level 3 in Maces & Flails
   566 | D:2      | Reached XP level 3. HP: 23/23 MP: 3/3
   767 | D:2      | Reached skill level 4 in Maces & Flails
  1086 | D:3      | Reached XP level 4. HP: 22/28 MP: 4/4
  1623 | D:3      | Reached skill level 5 in Maces & Flails
  1628 | D:3      | Reached XP level 5. HP: 30/32 MP: 5/5
  2054 | D:4      | Noticed Robin
  2062 | D:4      | Noticed a phantom
  2419 | D:3      | Killed a phantom
  2419 | D:3      | Reached skill level 6 in Maces & Flails
  2683 | D:4      | Killed Robin
  2683 | D:4      | Reached XP level 6. HP: 32/37 MP: 6/6
  3255 | D:4      | Noticed a phantom
  3352 | D:4      | Killed a phantom
  3352 | D:4      | Reached skill level 7 in Maces & Flails
  3352 | D:4      | Reached XP level 7. HP: 41/41 MP: 7/7
  3700 | D:5      | Entered Level 5 of the Dungeon
  3872 | D:5      | Reached skill level 8 in Maces & Flails
  4623 | D:6      | Reached skill level 9 in Maces & Flails
  4623 | D:6      | Reached XP level 8. HP: 39/46 MP: 8/8
  4745 | D:6      | Reached skill level 10 in Maces & Flails
  4949 | D:6      | Found a glowing drain.
  4953 | Sewer    | Entered a sewer
  5511 | D:6      | Found a basalt altar of Yredelemnul.
  5650 | D:6      | Got a spiked scale mail
  5651 | D:6      | Identified the +1 scale mail "Fusopha" {Str+2 Dex-4 Slay+3}
                  | (You found it on level 6 of the Dungeon)
  5789 | D:6      | Reached skill level 11 in Maces & Flails
  5797 | D:6      | Reached XP level 9. HP: 48/51 MP: 9/9
  6232 | D:7      | Found a staircase to the Ecumenical Temple.
  6266 | Temple   | Entered the Ecumenical Temple
  6373 | Temple   | Became a worshipper of Makhleb the Destroyer
  6776 | D:7      | Reached skill level 12 in Maces & Flails
  7081 | D:7      | Found Naaris's Magic Scroll Boutique.
  7087 | D:7      | Bought a scroll of remove curse for 36 gold pieces
  7087 | D:7      | Bought a scroll of remove curse for 36 gold pieces
  7087 | D:7      | Bought a scroll of identify for 24 gold pieces
  7115 | D:7      | Reached * piety under Makhleb
  7324 | D:8      | Noticed an elephant
  7346 | D:8      | Killed an elephant
  7346 | D:8      | Reached skill level 13 in Maces & Flails
  7357 | D:8      | Reached XP level 10. HP: 22/56 MP: 10/10
  7625 | D:8      | Found a staircase to the Lair.
  7684 | D:8      | Found a sand-covered staircase.
  7696 | Ossuary  | Entered an ossuary
  8119 | D:8      | Noticed Maurice
  8138 | D:8      | Killed Maurice
  8138 | D:8      | Reached skill level 14 in Maces & Flails
  8164 | D:8      | Reached ** piety under Makhleb
  8242 | D:8      | Found a shadowy altar of Dithmenos.
  8472 | D:9      | Found an iron altar of Okawaru.
  8480 | D:9      | Got a slimy mace
  8498 | D:9      | Identified the cursed +1 mace "Jufet" {freeze, rPois rF-
                  | rC+ Int+3} (You found it on level 9 of the Dungeon)
  8702 | D:9      | Got a brightly glowing steel ring
  8782 | D:9      | Noticed a two-headed ogre
  8825 | D:9      | Killed a two-headed ogre
  8825 | D:9      | Reached skill level 5 in Shields
  9023 | D:9      | Reached skill level 5 in Armour
  9658 | D:10     | Entered Level 10 of the Dungeon
  9686 | D:10     | Reached XP level 11. HP: 60/60 MP: 11/11
  9766 | D:10     | Noticed a cyclops
  9767 | D:10     | Noticed a rakshasa
  9817 | D:10     | Killed from afar by a rakshasa (illusionary)

Levels and vault maps discovered:
D:1:      psy_arrival_radial01, layout_rooms
D:2:      layout_rooms
D:3:      layout_basic
D:4:      layout_rooms, first_ration, uniq_robin
D:5:      layout_basic, minmay_misc_feat_enclosed
D:6:      minmay_clustersquares, layout_basic, basic_altar, gup_sewer_entry_bowl
D:7:      layout_rooms, minmay_temple_entry_ruins, serial_shops, shop_fountains,
          minmay_misc_feat_plants
D:8:      layout_basic, kennysheep_mini_moat, david_lair_generic,
          enter_ossuary_2, uniq_maurice
D:9:      layout_stronghold, okawaru_ov_weapons_minmay
D:10:     layout_loops_ring, uniq_psyche
Temple:   regret_index_temple_sigil_plot

Skill      XL: |  1  2  3  4  5  6  7  8  9 10 11 |
---------------+----------------------------------+-----
Maces & Flails | 3 4 5 6 7 9 11 13 14 | 14.2
Shields        | 6 7 |  7.0
Armour         | 5 6 |  6.0
Fighting       | |  3.2

Action                   |  1- 3 |  4- 6 |  7- 9 | 10-12 || total
-------------------------+-------+-------+-------+-------++-------
Melee: Flail             |   156 |   231 |   432 |   276 ||  1095
  Use: Potion            |       |     2 |     5 |     2 ||     9
       Scroll            |       |     1 |     7 |     5 ||    13
  Eat: Chunk             |     1 |     4 |    12 |     4 ||    21
       Ration            |       |     1 |     1 |     1 ||     3
Armor: Scale mail        |    82 |   119 |   240 |   181 ||   622
Dodge: Dodged            |    54 |    75 |   142 |   118 ||   389
Block: Shield            |    82 |   135 |   211 |   136 ||   564
